 Dungeon Crawl Stone Soup version 0.31-a0-202-g547052bce9 (webtiles) character file.

Game seed: 14941617162864770952

51 qw the Shooter (level 3, -5/20 HPs)
             Began as a Deep Elf Hunter on June 26, 2023.
             Slain by Sigmund
             ... wielding a +1 vampiric scythe
              (6 damage)
             ... on level 2 of the Dungeon.
             The game lasted 00:00:23 (938 turns).

qw the Shooter (Deep Elf Hunter)                     Turns: 938, Time: 00:00:23

Health: -5/20      AC:  5    Str: 10    XL:     3   Next: 57%
Magic:  5/5        EV: 11    Int: 13    God:
Gold:   73         SH:  0    Dex: 18    Spells: 2/2 levels left

rFire   . . .        Y - +0 shortbow
rCold   . . .        (shield currently unavailable)
rNeg    . . .        e - +0 ring mail
rPois   +            (no helmet)
rElec   .            (no cloak)
rCorr   .            (no gloves)
SInv    .            (no boots)
Will    .....        (no amulet)
Stlth   +            d - ring of poison resistance
HPRegen 0.23/turn    (no ring)
MPRegen 0.09/turn

%: no passive effects
@: no status effects
A: no striking features
a: no special abilities


You were on level 2 of the Dungeon.
You visited 1 branch of the dungeon, and saw 2 of its levels.

You collected 73 gold pieces.


   Skills:
 - Level 1.5 Fighting
 + Level 7.1 Ranged Weapons
 - Level 2.4 Dodging
 - Level 1.2 Stealth


You had 2 spell levels left.
You didn't know any spells.
Your spell library was empty.

Inventory:

Hand Weapons
 Y - a +0 shortbow (weapon)
Armour
 e - a +0 ring mail (worn)
Jewellery
 d - a ring of poison resistance (left hand)
Potions
 a - a potion of heal wounds {unknown}
 j - a potion of mutation {unknown}

Dungeon Overview and Level Annotations

Branches:
Dungeon (2/15)

Altars:

Annotations:
D:2 Sigmund


Message History

Sigmund the Dreaded comes into view.
He is wielding a +1 vampiric scythe.
Found a book of Displacement.
Enter note: You shoot an arrow.
The arrow hits Sigmund.
Sigmund shouts!
Sigmund is lightly wounded.
Sigmund gestures at you while chanting. The magic dart hits you.
You shoot an arrow.
The arrow hits Sigmund but does no damage.
Sigmund is lightly wounded.
You shoot an arrow. The arrow closely misses Sigmund.
You shoot an arrow. The arrow hits Sigmund.
Sigmund is moderately wounded.
You shoot an arrow. The arrow hits Sigmund.
Sigmund is moderately wounded.
Sigmund gestures at you while chanting. The magic dart hits you.
You shoot an arrow.
The arrow hits Sigmund but does no damage.
Sigmund is moderately wounded.
You shoot an arrow.
The arrow hits Sigmund but does no damage.
Sigmund is moderately wounded.
Sigmund hits you from afar with a +1 vampiric scythe.
You shoot an arrow.
The arrow hits Sigmund but does no damage.
Sigmund is moderately wounded.
Sigmund barely misses you.
You shoot an arrow. The arrow hits Sigmund.
Sigmund is heavily wounded.
You shoot an arrow. The arrow hits Sigmund.
Sigmund is severely wounded.
Sigmund hits you from afar with a +1 vampiric scythe!
Sigmund draws strength from your wounds!
You shoot an arrow. The arrow closely misses Sigmund.
Sigmund hits you from afar with a +1 vampiric scythe.
You shoot an arrow. The arrow barely misses Sigmund.
Sigmund hits you from afar with a +1 vampiric scythe.
You die...

### #.# #. #.#
#.######.#
#..#.....######.
##@.@###........
###.........######
....>.....[..#
.>...........# ##### #
.............# #~~~###
:.>...%..##########~..#.
........%...............
.........###############
........# #


You could see Sigmund.

Vanquished Creatures
  An adder (D:1)
  A gnoll (D:1)
  A worm (D:2)
  A dart slug (D:1)
  2 giant cockroaches (D:1)
  2 goblins (D:1)
  2 hobgoblins
  A quokka (D:1)
  5 ball pythons
  A bat (D:2)
  5 frilled lizards
  3 kobolds (D:1)
  5 rats
30 creatures vanquished.

Notes
Turn   | Place    | Note
-------+----------+-------------------------------------------
     0 | D:1      | qw the Deep Elf Hunter began the quest for the Orb.
     0 | D:1      | Reached XP level 1. HP: 12/12 MP: 3/3
     0 | D:1      | 0 ||| qw: Version: 0.3-a-22-g0ed2b0b
     0 | D:1      | 0 ||| qw: Game counter: 6264
     0 | D:1      | 0 ||| qw: Melee chars always use a shield: true
     0 | D:1      | 0 ||| qw: God list: Okawaru
     0 | D:1      | 0 ||| qw: Allow faded altars: false
     0 | D:1      | 0 ||| qw: Do Orc after clearing Dungeon:15 true
     0 | D:1      | 0 ||| qw: Do second Lair branch before Depths: true
     0 | D:1      | 0 ||| qw: Lair rune preference: random
     0 | D:1      | 0 ||| qw: Goals: Normal
     0 | D:1      | 0 ||| PLANNING D:1-11
   200 | D:1      | Reached XP level 2. HP: 16/16 MP: 4/4
   218 | D:1      | Reached skill level 6 in Ranged Weapons
   493 | D:1      | Reached XP level 3. HP: 20/20 MP: 5/5
   748 | D:1      | 748 ||| UPGRADING to +0 ring mail.
   758 | D:1      | 758 ||| DROPPING +0 leather armour.
   759 | D:1      | 759 ||| UPGRADING to ring of poison resistance.
   760 | D:1      | 760 ||| READING scroll labelled QIORUA GOLAO.
   761 | D:1      | 761 ||| READING scroll labelled NECSIA XASCH.
   762 | D:1      | 762 ||| READING scroll labelled AMYM VAZUT.
   763 | D:1      | 763 ||| READING scroll labelled FUAW DELEI.
   768 | D:1      | 768 ||| DROPPING scroll of butterflies.
   795 | D:2      | 795 ||| STAIRDANCE
   849 | D:2      | Reached skill level 7 in Ranged Weapons
   926 | D:2      | Noticed Sigmund
   936 | D:2      | HP: 4/20 [Sigmund/+1 vampiric scythe (7)]
   937 | D:2      | HP: 1/20 [Sigmund/+1 vampiric scythe (4)]
   938 | D:2      | Slain by Sigmund

Levels and vault maps discovered:
D:1:      mrwooster_arrival_arrow, layout_basic
D:2:      layout_rooms, chequers_serial_rivers_small_b, uniq_sigmund,
          uniq_jessica

Skill      XL: |  1  2  3 |
---------------+----------+-----
Ranged Weapons | 6 7 |  7.1
Fighting       | |  1.5
Dodging        | |  2.4
Stealth        | |  1.2

Action                     || total
---------------------------++-------
   Fire: Shortbow          ||    87
    Use: Scroll            ||     4
 Armour: Leather armour    ||     2
         Ring mail         ||    21
  Dodge: Dodged            ||    29

Table legend:
 A = Non-vault XP
 B = Vault XP
 C = Vault XP percentage of total XP
 D = Non-vault monster count
 E = Vault monster count
 F = Vault count percentage of total count
                 A         B        C        D         E       F
            +---------+---------+-------+---------+---------+-------
      Total |      73 |       0 |   0.0 |      30 |       0 |   0.0
            +---------+---------+-------+---------+---------+-------
        D:1 |      62 |       0 |   0.0 |      24 |       0 |   0.0
        D:2 |      11 |       0 |   0.0 |       6 |       0 |   0.0
            +---------+---------+-------+---------+---------+-------
